AoeStats
← RDA Ronan

Arabia

505357777Analyzed
4v4 RM · 24d ago on Sep 9, 2026· 20m 39s· 8 players
Game mode
Random Map
Map size
Large (8 player)
Population
200
Speed
Normal
Resources
Standard
Victory
Conquest
Starting age
Dark Age
Ending age
Imperial Age
RankedLock teamsTeams togetherTeam positionsShared explorationLock speedFull tech treeHidden civsTurbo modeCheats
Victory
Defeat
🇦🇷 Malians · Argentina
1413
+11
🇦🇷 Tupi · Argentina
1316
+15
🇦🇷 Malay · Argentina
1207
+20
🇦🇷 Koreans · Argentina
1195
+19
🇹🇼 Mapuche · Taiwan
1345
-19
🇪🇨 Lithuanians · Ecuador
1295
-17
🇲🇽 Inca · Mexico
1256
-15
🇺🇸 Goths · United States
1224
-14
King Spartacus
9:47 Feudal Age
10:14 Loom
9:56 Champi Runner
10:35 Double-Bit Axe
10:41 Horse Collar
11:21 Loom
14:18 Forging
16:34 Scale Mail Armor
17:44 Arson
21:40 Castle Age
Santiawhy
1:16 Loom
10:19 Feudal Age
15:38 Castle Age
14:57 Double-Bit Axe
18:22 Wheelbarrow
17:55 Husbandry
TheLowercasee
0:27 Loom
9:39 Feudal Age
10:20 Double-Bit Axe
12:03 Horse Collar
16:27 Wheelbarrow
18:11 Gold Mining
20:39 Castle Age
19:54 Stone Mining
20:43 Scale Barding Armor
thomas89671173
6:38 Loom
9:48 Feudal Age
10:49 Double-Bit Axe
11:24 Horse Collar
16:09 Fletching
RDA | Damiii el TORO
6:57 Loom
9:23 Feudal Age
9:58 Double-Bit Axe
13:59 Town Watch
18:37 Padded Archer Armor
18:28 Fletching
20:08 Padded Archer Armor
Gianncrack
8:02 Loom
11:11 Feudal Age
17:20 Castle Age
16:26 Double-Bit Axe
21:00 Fletching
[TBArg] kaos_leo
6:28 Loom
8:53 Feudal Age
9:37 Double-Bit Axe
9:47 Horse Collar
20:26 Castle Age
19:32 Bloodlines
19:47 Gold Mining
20:32 Forging
RDA Ronan
7:40 Loom
10:41 Feudal Age
15:19 Castle Age
16:03 Double-Bit Axe
19:18 Fletching
Connection lost

Rejoining the realm…

Still unreachable

The connection could not be restored.

Session expired

The server has moved on; the page needs a fresh start.